 Dungeon Crawl Stone Soup version 0.29.1-12-g30fa7ad0bf (webtiles) character file.

Game seed: 12384542321175265525

25 Zeld the Shooter (level 3, 0/37 HPs)
             Began as an Ogre Hunter on Jan 7, 2023.
             Slain by Terence
             ... wielding a +0 mace
              (3 damage)
             ... on level 2 of the Dungeon.
             The game lasted 00:01:37 (832 turns).

Zeld the Shooter (Ogre Hunter)                       Turns: 832, Time: 00:01:38

Health: 0/37       AC:  3    Str: 15    XL:     3   Next: 6%
Magic:  3/3        EV: 10    Int: 12    God:
Gold:   42         SH:  0    Dex: 12    Spells: 2/2 levels left

rFire   . . .      SeeInvis .   a - +0 shortbow
rCold   . . .      Faith    .   (shield currently unavailable)
rNeg    . . .      Spirit   .   c - +0 robe
rPois   .          Reflect  .   (helmet restricted)
rElec   .          Harm     .   (no cloak)
rCorr   .          Rampage  .   (gloves unavailable)
Will    .....                   (boots unavailable)
Stlth   ++........              (no amulet)
HPRegen 0.12/turn               (no ring)
MPRegen 0.08/turn               (no ring)

@: no status effects
A: large, unfitting armour, tough skin 1
a: no special abilities


You were on level 2 of the Dungeon.
You visited 1 branch of the dungeon, and saw 2 of its levels.

You collected 42 gold pieces.

Inventory:

Hand Weapons
 a - a +0 shortbow (weapon)
Armour
 c - a +0 robe (worn)
Scrolls
 b - a scroll of immolation
 i - a scroll of brand weapon {unknown}
 j - a scroll of identify {unknown}
Potions
 d - a potion of brilliance {unknown}
 e - 2 potions of resistance {unknown}
 f - a potion of haste {unknown}
 g - a potion of curing {unknown}
 h - a potion of heal wounds {unknown}


   Skills:
 + Level 3.1 Fighting
 * Level 3.2 Ranged Weapons
 + Level 2.1 Dodging
 + Level 1.1 Stealth


You had 2 spell levels left.
You didn't know any spells.
Your spell library contained the following spells:

 Spells                   Type           Power      Damage    Failure   Level
 Beastly Appendage        Tmut           0%         N/A       32%         1
 Wereblood                Tmut           0%         N/A       45%         2
 Spider Form              Tmut/Pois      0%         N/A       69%         3


Dungeon Overview and Level Annotations

Branches:
Dungeon (2/15)

Altars:

Shops:
D:2 *

Annotations:
D:2 Terence


Innate Abilities, Weirdness & Mutations

You are too large for most types of armour.
You have tough skin. (AC +1)


Message History

The kobold shouts!
Terence the Incautious comes into view.
He is wielding a +0 mace.
The kobold throws a stone.
The stone hits you.
You shoot an arrow. The arrow misses the kobold.
Terence shouts!
A hobgoblin comes into view.
The kobold throws a stone.
The stone hits you.
You shoot an arrow. The arrow barely misses Terence.
The hobgoblin shouts!
The kobold throws a stone.
The stone hits you.
You shoot an arrow. The arrow hits Terence.
Terence is lightly wounded.
The kobold throws a stone.
The stone hits you.
You shoot an arrow.
The arrow hits Terence but does no damage.
Terence is lightly wounded.
You shoot an arrow. The arrow closely misses Terence.
Terence hits you with a +0 mace!
You shoot an arrow.
The arrow hits Terence but does no damage.
Terence is lightly wounded.
Terence barely misses you.
You shoot an arrow. The arrow completely misses Terence.
The arrow hits the kobold.
The kobold is severely wounded.
The hobgoblin hits you.
A kobold comes into view. It is wielding a +0 club.
Terence hits you with a +0 mace. The hobgoblin hits you.
* * * LOW HITPOINT WARNING * * *
Terence barely misses you.
You are too injured to fight recklessly!
The hobgoblin attacks as you move away! The hobgoblin closely misses you.
The kobold throws a stone.
The stone hits you.
* * * LOW HITPOINT WARNING * * *
Terence attacks as you move away! Terence barely misses you.
Terence attacks as you move away! Terence misses you.
Terence attacks as you move away! Terence hits you with a +0 mace!
* * * LOW HITPOINT WARNING * * *
Terence attacks as you move away! Terence hits you with a +0 mace.
You die...

##...#####
#........###
#.#........##
##.####......#
##..# ####...##
#...# ##...#
.<..# #...##
..).# ##...####
....#
#...@@g###
....#
##.......###
....#
###....K..##
....#
####.....##
#...#####
#####..########
.........
##.........
.....###.
###..###..
..##.....
#....... #.#
##.#. ####....


You could see Terence, a hobgoblin and a kobold.

Vanquished Creatures
  An adder (D:2)
  An endoplasm (D:1)
  4 giant cockroaches
  2 goblins (D:2)
  2 hobgoblins (D:1)
  4 ball pythons
  A kobold (D:2)
15 creatures vanquished.

Notes
Turn   | Place    | Note
-------+----------+-------------------------------------------
     0 | D:1      | Zeld the Ogre Hunter began the quest for the Orb.
     0 | D:1      | Reached XP level 1. HP: 22/22 MP: 1/1
   253 | D:1      | Reached XP level 2. HP: 29/29 MP: 2/2
   290 | D:1      | Found a faded altar of an unknown god.
   304 | D:1      | Reached skill level 1 in Stealth
   657 | D:2      | Found Bugaat's General Store.
   661 | D:2      | Reached XP level 3. HP: 37/37 MP: 3/3
   811 | D:2      | Noticed Terence
   832 | D:2      | Slain by Terence

Illustrated notes

Levels and vault maps discovered:
D:1:      minmay_arrival_doors, layout_basic,
          hellmonk_ecumenical_altar_arch_garden, minmay_pentomino_o2
D:2:      layout_rooms, serial_shops, nicolae_shop_advertising_works
          [nicolae_subvault_shop_adworks], serial_curves, eino_curves_04,
          eino_curves_04, nicolae_elevator_lobby_asterisk, uniq_terence

Skill      XL: |  1  2 |
---------------+-------+-----
Ranged Weapons | 3 |  3.2
Dodging        | 2 |  2.1
Fighting       | 3 |  3.1
Stealth        | 1 |  1.1

Action                   || total
-------------------------++-------
 Fire: Shortbow          ||    47
Armor: Robe              ||     2
Dodge: Dodged            ||    14
